 Seeded DCSS version 0.29-a0-613-gf2c431b9b9 (webtiles) character file.

Game seed: 17067646441449965108 (custom seed)

92 zeratav the Digger (level 4, -2/27 HPs)
             Began as an Octopode Earth Elementalist on June 16, 2022.
             Shot with a sling bullet by a goblin (5 damage)
             ... on level 2 of the Dungeon.
             The game lasted 00:03:06 (2086 turns).

zeratav the Digger (Octopode Earth Elementalist)    Turns: 2086, Time: 00:03:07

Health: -2/27      AC:  1    Str:  7    XL:     4   Next: 60%
Magic:  1/7        EV: 13    Int: 19    God:
Gold:   83         SH:  0    Dex: 12    Spells: 7/8 levels left

rFire   . . .      SeeInvis .   h - +0 short sword {short}
rCold   . . .      Faith    .   (no shield)
rNeg    . . .      Spirit   .   (helmet restricted)
rPois   .          Reflect  .   (no amulet)
rElec   .          Harm     .   (no ring)
rCorr   .          Rampage  .   (no ring)
Will    .....                   (no ring)
Stlth   +++.......              (no ring)
HPRegen 0.09/turn               (no ring)
MPRegen 0.10/turn               (no ring)
                                (no ring)
                                (no ring)

@: no status effects
A: almost no armour, amphibious, 8 rings, camouflage 1, gelatinous body 1,
(nimble swimmer 1), tentacles
a: no special abilities


You were on level 2 of the Dungeon.
You visited 1 branch of the dungeon, and saw 2 of its levels.

You collected 83 gold pieces.


Innate Abilities, Weirdness & Mutations

You cannot wear most types of armour.
You are amphibious.
You can wear up to eight rings at the same time.
Your skin changes colour to match your surroundings (Stealth+).
Your rubbery body absorbs attacks. (AC +1, EV +1)
((You are camouflaged when in or above water. (Stealth+)))
You have tentacles for arms and can constrict up to eight enemies at once.


   Skills:
 - Level 2.0 Dodging
 + Level 3.8 Stealth
 + Level 2.5 Spellcasting
 + Level 2.0 Transmutations
 * Level 4.0 Earth Magic


You had 7 spell levels left.
You knew the following spells:

 Your Spells              Type           Power      Damage    Failure   Level
a - Sandblast             Erth           34%        2d9       3%          1

Your spell library contained the following spells:

 Spells                   Type           Power      Damage    Failure   Level
 Passwall                 Tmut/Erth      11%        N/A       7%          2
 Shock                    Conj/Air       8%         1d3       16%         1
 Stone Arrow              Conj/Erth      20%        3d8       21%         3
 Petrify                  Tmut/Erth      14%        N/A       41%         4
 Cause Fear               Hex            1%         N/A       85%         4
 Dragon Form              Tmut           5%         N/A       100%        7
 Dragon's Call            Summ           1%         N/A       100%        9

Inventory:

Hand Weapons
 h - a +0 short sword (weapon) {short}
   (You took it off a kobold on level 1 of the Dungeon)
Missiles
 i - 37 stones {throwing}
Armour
 d - a +2 kite shield of resistance
   (You acquired it on level 1 of the Dungeon)
Scrolls
 b - 2 scrolls of identify {unknown}
 e - a scroll of silence {unknown}
Potions
 a - a potion of magic
 g - a potion of berserk rage {unknown}

Dungeon Overview and Level Annotations

Branches:
Dungeon (2/15) Zot: 9878

Altars:

#.####...###...###.>#
#..#...#
#....##..######.#
##...#
#...............#
...###.###
##...##..########
#### .............##
#.#..###.####..#
....##.# ##.# #
#..#.#####.#
#..g†@....#
#........#####.#
#..##..### #.# # ##.
#.. #. #.## #. #.# #.
..# .. ###


You could see a goblin.


Message History

HP[-3] MP[+1]
You take 3 damage, and now have 9/27 hp.
It was a potion of heal wounds.
You feel much better.
You constrict the adder.
You feel very sick. The adder bites you.
HP[+12]
You regained 12 hp, and now have 21/27 hp.
You hit the adder. You constrict the adder.
You feel very sick. The adder bites you. The adder misses you.
HP[-5]
You take 5 damage, and now have 16/27 hp.
You hit the adder.
You kill the adder!
You feel sick. The adder bites you.
HP[-2]
You take 2 damage, and now have 14/27 hp.
Casting: Sandblast (safe; 3% risk of failure)
Confirm with . or Enter, or press ? or * to list all spells.
Aiming: Sandblast (safe; 3% risk of failure)
Press: ? - help, Shift-Dir - straight line, f - adder
Aim: an adder (66% to hit)
The blast of sand hits the adder!
You feel sick. The adder bites you.
* * * LOW HITPOINT WARNING * * *
You are lethally poisoned!
The adder poisons you! The adder barely misses you.
HP[-4] MP[-1]
You take 4 damage, and now have 10/27 hp.
You lost 1 mp, and now have 5/7 mp.
Casting: Sandblast (safe; 3% risk of failure)
Confirm with . or Enter, or press ? or * to list all spells.
Aiming: Sandblast (safe; 3% risk of failure)
Press: ? - help, Shift-Dir - straight line, f/p - adder
Aim: an adder (severely wounded, 66% to hit)
The blast of sand hits the adder!
You kill the adder!
* * * LOW HITPOINT WARNING * * *
You feel very sick. The ball python closely misses you.
The ball python grabs you. The ball python constricts you.
* * * LOW HITPOINT WARNING * * *
The ball python bites you.
* * * LOW HITPOINT WARNING * * *
The ball python constricts you.
* * * LOW HITPOINT WARNING * * *
Your Transmutations skill increases to level 2!
Your Earth Magic skill increases to level 4!
HP[-8] MP[-1]
You take 8 damage, and now have 2/27 hp.
MASSIVE DAMAGE!! (PAUSE)
You lost 1 mp, and now have 4/7 mp.
It was a potion of curing.
You feel better. The ball python closely misses you.
The ball python constricts you.
* * * LOW HITPOINT WARNING * * *
HP[+10]
You regained 10 hp, and now have 12/27 hp.
Casting: Sandblast (safe; 3% risk of failure)
Confirm with . or Enter, or press ? or * to list all spells.
Aiming: Sandblast (safe; 3% risk of failure)
Press: ? - help, Shift-Dir - straight line, f - ball python
Aim: a ball python (constricting you, 77% to hit)
The blast of sand hits the ball python!
You kill the ball python!
The goblin shoots a sling bullet.
The sling bullet closely misses you.
Casting: Sandblast (safe; 3% risk of failure)
Confirm with . or Enter, or press ? or * to list all spells.
Aiming: Sandblast (safe; 3% risk of failure)
Press: ? - help, Shift-Dir - straight line, f - worm
Aim: a worm (93% to hit)
Okay, then.
Casting: Sandblast (safe; 3% risk of failure)
Confirm with . or Enter, or press ? or * to list all spells.
Aiming: Sandblast (safe; 3% risk of failure)
Press: ? - help, Shift-Dir - straight line, f - worm
Aim: a worm (93% to hit)
The blast of sand hits the worm!
The worm bites you!
* * * LOW HITPOINT WARNING * * *
HP[-10] MP[-1]
You take 10 damage, and now have 2/27 hp.
MASSIVE DAMAGE!! (PAUSE)
You lost 1 mp, and now have 3/7 mp.
Casting: Sandblast (safe; 3% risk of failure)
Confirm with . or Enter, or press ? or * to list all spells.
Aiming: Sandblast (safe; 3% risk of failure)
Press: ? - help, Shift-Dir - straight line, f/p - worm
Aim: a worm (severely wounded, 93% to hit)
The blast of sand hits the worm!
You kill the worm!
The goblin shoots a sling bullet.
The sling bullet misses you.
The goblin shoots a sling bullet.
The sling bullet barely misses you.
HP[+1] MP[-1]
You lost 1 mp, and now have 2/7 mp.
Casting: Sandblast (safe; 3% risk of failure)
Confirm with . or Enter, or press ? or * to list all spells.
Aiming: Sandblast (safe; 3% risk of failure)
Press: ? - help, Shift-Dir - straight line, f - goblin
Aim: a goblin, wielding a +0 hunting sling and wearing a +2 leather armour of fire resistance (74% to hit)
The blast of sand hits the goblin but does no damage.
The goblin shoots a sling bullet.
The sling bullet hits you.
You die...

Skill      XL: |  1  2  3  4 |
---------------+-------------+-----
Stealth        | 3 |  3.8
Transmutations | 2 |  2.0
Earth Magic    | 4 |  4.0
Dodging        | |  2.0
Spellcasting   | |  2.5

Action                   |  1- 3 |  4- 6 || total
-------------------------+-------+-------++-------
Melee: Spear             |     5 |       ||     5
       Constrict         |     8 |     1 ||     9
       Tentacles         |     4 |       ||     4
       Short sword       |    24 |     5 ||    29
 Cast: Sandblast         |    20 |    11 ||    31
  Use: Scroll            |     1 |       ||     1
       Potion            |       |     2 ||     2
 Stab: Sleeping          |    12 |       ||    12
Armor: Skin              |     1 |     2 ||     3
Dodge: Dodged            |    15 |    17 ||    32

Levels and vault maps discovered:
D:1:      heliophobic_arrival_battle_scene, layout_loops_corners,
          shapermc_ecumenical_altar_rom_forum, chequers_jeans,
          grunt_decor_clamped
D:2:      minmay_skewed_foursquare, layout_loops_ring, kennysheep_cross_room,
          minmay_close_crescents

Notes
Turn   | Place    | Note
-------+----------+-------------------------------------------
     0 | D:1      | zeratav the Octopode Earth Elementalist began the quest for
                  | the Orb.
     0 | D:1      | Reached XP level 1. HP: 11/11 MP: 3/3
     0 | D:1      | magus.rc [v1.9.6]
   124 | D:1      | You pick up a book of the Dragon and begin reading...
   124 | D:1      | You add the spells Cause Fear, Dragon Form and Dragon's
                  | Call to your library.
   211 | D:1      | Identified a scroll of acquirement
   211 | D:1      | Acquired a +2 kite shield of resistance
   289 | D:1      | Reached XP level 2. HP: 7/17 MP: 1/5
   505 | D:1      | Reached skill level 3 in Stealth
   681 | D:1      | Found a faded altar of an unknown god.
   684 | D:1      | Got Plato's Almanac of the Birds
   905 | D:1      | You pick up a book of Geomancy and begin reading...
  1210 | D:1      | Reached XP level 3. HP: 21/21 MP: 6/6
  1886 | D:2      | Reached XP level 4. HP: 27/27 MP: 7/7
  2081 | D:2      | HP: 5/27 [poisoned by an adder]
  2081 | D:2      | HP: 2/27 [constriction (1)]
  2082 | D:2      | Reached skill level 2 in Transmutations
  2082 | D:2      | Reached skill level 4 in Earth Magic
  2086 | D:2      | Shot with a sling bullet by a goblin

Vanquished Creatures
  5 adders (D:2)
  A worm (D:2)
  An endoplasm (D:2)
  3 giant cockroaches
  2 goblins (D:2)
  5 hobgoblins
  4 jackals (D:1)
  2 quokkas (D:2)
  8 ball pythons
  2 bats (D:1)
  5 frilled lizards
  3 kobolds
  2 rats (D:1)
43 creatures vanquished.

Table legend:
 A = Non-vault XP
 B = Vault XP
 C = Vault XP percentage of total XP
 D = Non-vault monster count
 E = Vault monster count
 F = Vault count percentage of total count
                 A         B        C        D         E       F
            +---------+---------+-------+---------+---------+-------
      Total |      83 |      49 |  37.1 |      36 |       7 |  16.3
            +---------+---------+-------+---------+---------+-------
        D:1 |      36 |       0 |   0.0 |      22 |       0 |   0.0
        D:2 |      47 |      49 |  51.0 |      14 |       7 |  33.3
            +---------+---------+-------+---------+---------+-------

Illustrated notes

Table legend:
 A = Kills in this place as a percentage of kills in entire the game.
 B = Kills by you in this place as a percentage of kills by you in the entire game.
 C = Kills by friends in this place as a percentage of kills by friends in the entire game.
 D = Other kills in this place as a percentage of other kills in the entire game.
 E = Experience gained in this place as a percentage of experience gained in the entire game.
 F = Experience gained in this place divided by the number of levels of this place that you have seen.
                   A       B       C       D       E      F
               +-------+-------+-------+-------+-------+----------------------
         Total | 100.0 | 100.0 |   N/A |   N/A | 100.0 |  66.0
       Dungeon | 100.0 | 100.0 |   N/A |   N/A | 100.0 |  66.0
               +-------+-------+-------+-------+-------+----------------------

Table legend: (Time is in decaauts)
 A = Elapsed time spent in this place.
 B = Non-inter-level travel time spent in this place.
 C = Inter-level travel time spent in this place.
 D = Time resting spent in this place.
 E = Time spent auto-exploring this place.
 F = Levels seen in this place.
 G = Mean time per level.
                   A        B        C        D        E       F      G
               +--------+--------+--------+--------+--------+-----+--------+
         Total |   2119 |   2008 |    111 |      0 |   1739 |   2 | 1059.5 |
       Dungeon |   2119 |   2008 |    111 |      0 |   1739 |   2 | 1059.5 |
               +--------+--------+--------+--------+--------+-----+--------+

Top non-repeatable levels by time:
     D:1: 1493 daAuts
     D:2: 626 daAuts
